Map: Ulrena

Players

Psz

  • Race: Terran Terran
  • League: Master

Miszu - Winner!

  • Race: Terran Terran
  • League: Grandmaster

VOD

Have the link to the VOD?

Description

Time

  • Played on: May 17, 2016, 6:11 a.m.
  • Length: 6:36
Show
View Real Time Build Order
Export as new Build Order

Psz Terran 

Build Orders: 1/1/1 

Get SALT Encoding   

  12  0:00  SCV  
  13  0:13  SCV  
  14  0:18  Supply Depot  
  14  0:25  SCV  
  15  0:39  SCV  
  15  0:40  Barracks  
  16  0:44  Refinery  
  16  0:52  SCV  
  16  0:54  Refinery  
  17  1:04  SCV  
  18  1:16  SCV  
  19  1:28  Marine, Orbital Command  
  20  1:36  Factory  
  20  1:47  Marine  
  21  1:54  Supply Depot  
  21  1:55  SCV  
  21  2:06  Barracks Reactor  
  21  2:07  SCV  
  22  2:21  Hellion  
  22  2:22  Starport  
  24  2:26  SCV  
  25  2:37  Supply Depot  
  25  2:40  SCV  
  25  2:44  Marine x2  
  27  2:46  Factory Tech Lab  
  28  2:52  SCV  
  29  3:11  Viking  
  29  3:12  Viking  
  33  3:14  SCV  
  34  3:20  Siege Tank  
  34  3:26  Supply Depot  
  37  3:33  SCV  
  38  3:47  Viking x2, Marine  
  43  3:52  Supply Depot  
  43  4:01  Siege Tank  
  46  4:04  SCV  
  47  4:13  Marine  
  46  4:21  Viking x2  
  48  4:26  Supply Depot  
  51  4:54  Command Center  
  46  5:00  Viking x2  
  50  5:09  Siege Tank  
  41  5:30  Viking  
  39  5:46  Viking  
  41  5:50  SCV  
  41  6:02  Viking  
  38  6:04  Marine  
  38  6:07  Orbital Command  
  38  6:10  SCV  
  36  6:22  SCV  
Show
View Real Time Build Order
Export as new Build Order

Miszu Terran - Winner!

Build Orders: 1/1/1 

Get SALT Encoding   

  12  0:01  SCV  
  13  0:13  SCV  
  14  0:18  Supply Depot  
  14  0:25  SCV  
  15  0:39  SCV  
  15  0:40  Barracks  
  16  0:44  Refinery  
  16  0:52  SCV  
  16  0:56  Refinery  
  17  1:04  SCV  
  18  1:16  SCV  
  19  1:30  Marine, Orbital Command  
  20  1:37  Factory  
  20  1:48  Marine  
  21  1:57  SCV  
  21  1:59  Supply Depot  
  22  2:07  Barracks Reactor  
  22  2:09  SCV  
  23  2:21  Starport  
  23  2:24  Factory Reactor  
  23  2:26  SCV  
  24  2:38  SCV  
  25  2:50  SCV  
  26  2:55  Supply Depot  
  26  3:05  Viking, Medivac  
  31  3:06  Factory Tech Lab  
  31  3:10  Marine  
  31  3:17  Marine  
  31  3:18  Supply Depot  
  32  3:25  Siege Tank  
  35  3:35  Viking  
  35  3:38  Marine x2  
  35  3:41  Supply Depot  
  39  3:42  Viking  
  41  3:49  Engineering Bay  
  41  3:56  Marine x2  
  43  4:04  Siege Tank  
  46  4:20  Viking  
  46  4:23  Marine x2  
  50  4:28  Viking  
  50  4:30  SCV  
  53  4:41  Supply Depot  
  53  4:47  Marine  
  55  5:03  Viking  
  55  5:06  Viking  
  43  5:38  Marine  
  43  5:39  Viking x2, Marine  
  48  5:56  Marine, Siege Tank  
  52  6:14  Marine x2  
Tags
 
Add a new tag
Caveats
  • Supply blocks, unpowered buildings, or Contaminate may cause inaccurate times.
  • Supply counts are checked every 10 seconds.